 Dungeon Crawl Stone Soup version 0.16.1-29-g3e760ad (webtiles) character file.

208926 Ladykiller69 the Severer (level 19, -1/159 HPs)
             Began as a Formicid Fighter on May 30, 2015.
             Was the Champion of Cheibriados.
             Slain by a manticore (8 damage)
             ... summoned by Kirke
             ... on level 3 of the Swamp on June 10, 2015.
             The game lasted 02:45:41 (34007 turns).

Ladykiller69 the Severer (Formicid Fighter)        Turns: 34007, Time: 02:45:45

Health: -1/159     AC:  0    Str: 42    XL:     19   Next: 98%
Magic:  36/36      EV: 13    Int: 25    God:    Cheibriados [******]
Gold:   2559       SH:  0    Dex: 25    Spells: 1 memorised, 15 levels left

rFire  . . .     SeeInvis .     f - melded +6 battleaxe of Ravage {chop, +Fly rN+ Str+5 Dex-2}
rCold  . . .     Clarity  .     s - melded +8 gold dragon armour
rNeg   . . .     SustAb   .     B - melded +0 large shield
rPois  .         Gourm    +     (helmet unavailable)
rElec  .         Spirit   .     G - melded +2 cloak
rCorr  .         Warding  .     C - melded +0 pair of gloves "Luuq" {Str+4}
rMut   .         Stasis   +     (boots currently unavailable)
MR     +....                    R - amulet of the gourmand
Stlth  +.........               M - melded +5 ring of evasion
                                o - melded ring of protection from cold

@: pig-form, very slow, somewhat resistant to hostile enchantments, very
unstealthy
A: permanent stasis, dig shafts and tunnels, four strong arms, (antennae 0)
a: Dig, Shaft Self, Bend Time, Temporal Distortion, Slouch, Step From Time,
Renounce Religion


You were on level 3 of the Swamp.
You worshipped Cheibriados.
Cheibriados was exalted by your worship.
You were very full.
You were a filthy swine.
You visited 5 branches of the dungeon, and saw 36 of its levels.
You visited 1 bazaar.
You also visited: Labyrinth, Ice Cave and Volcano.

You collected 3571 gold pieces.
You spent 1012 gold pieces at shops.

Inventory:

Hand weapons
 f - the +6 battleaxe of Ravage (melded) {chop, +Fly rN+ Str+5 Dex-2}
   (You took it off a minotaur in a labyrinth)

   It inflicts extra damage upon your enemies.
   It affects your strength (+5).
   It affects your dexterity (-2).
   It protects you from negative energy.
   It lets you fly.
 T - a +2 scimitar of flaming
Missiles
 h - 50 tomahawks (quivered)
 t - 5 poisoned tomahawks
 u - 3 steel tomahawks
 y - 21 javelins
Armour
 s - a +8 gold dragon armour (melded)
 B - a +0 large shield (melded)
 C - the +0 pair of gloves "Luuq" (melded) {Str+4}
   (You found it in a labyrinth)

   It affects your strength (+4).
 G - a +2 cloak (melded)
Rods
 n - a +2 rod of shadows (13/13)
   (You found it on level 1 of the Swamp)
 A - a +2 rod of clouds (12/12)
   (You found it on level 3 of the Swamp)
Jewellery
 a - a ring of the Octopus King {rF+ AC+1 EV+1 Str+1 Int+1 Dex+1}
   (You took it off an ogre mage on level 1 of the Orcish Mines)

   [ring of protection from fire]

   It affects your AC (+1).
   It affects your evasion (+1).
   It affects your strength (+1).
   It affects your intelligence (+1).
   It affects your dexterity (+1).
   It protects you from fire.
 o - a ring of protection from cold (melded)
 M - a +5 ring of evasion (melded)
 Q - an uncursed ring of protection from magic
 R - an amulet of the gourmand (around neck)
Magical devices
 q - a wand of heal wounds (4)
 U - a wand of heal wounds (7)
Scrolls
 g - 2 scrolls of magic mapping
 i - 12 scrolls of identify
 l - 5 scrolls of immolation
 v - a scroll of silence {unknown}
 x - a scroll of fear
 F - 8 scrolls of amnesia
 H - 4 scrolls of recharging
 K - 2 scrolls of enchant weapon
 L - 13 scrolls of remove curse
 N - 2 scrolls of fog
Potions
 b - 2 potions of cure mutation
 c - a potion of cancellation
 e - 4 potions of might
 j - 3 potions of heal wounds
 k - a potion of beneficial mutation
 m - 9 potions of brilliance
 r - 19 potions of curing
 z - 2 potions of invisibility
 E - 3 potions of magic
 I - a potion of flight
 J - 2 potions of resistance
 P - 5 potions of lignification
 S - 3 potions of restore abilities
 V - 3 potions of agility
Miscellaneous
 w - a phantom mirror
Comestibles
 d - 14 bread rations
 p - 17 meat rations


   Skills:
 + Level 16.7 Fighting
 * Level 19.3 Axes
 + Level 16.4 Armour
 + Level 11.9 Shields
 - Level 16.2 Invocations


You had 15 spell levels left.
You knew the following spells:

 Your Spells              Type           Power        Failure   Level  Hunger
a - Regeneration          Chrm/Necr      #.........   38%         3    ####...


Dungeon Overview and Level Annotations

Branches:
Dungeon (15/15)            Temple (0/1) D:5            Lair (8/8) D:10
  Swamp (4/5) Lair:4        Snake (5/5) Lair:4        Slime (0/6) Lair:8
    Orc (4/4) D:11            Elf (0/3) Orc:4        Vaults (0/5) D:13
 Depths (0/5) D:15

Altars:
Cheibriados
Dithmenos
Fedhas
Gozag
Kikubaaqudgha
Makhleb
Qazlal
Xom
Yredelemnul
The Shining One
Beogh
Jiyva

Shops:
D:5 :   D:9 [   D:13 *   Orc:1 [   Orc:2 (   Orc:3 (   Orc:4 *:!(

Portals:
Pandemonium: Orc:4

Annotations:
D:3 1 exclusion
Lair:7 exclusion: oklob plant
Swamp:2 Jorgrun
Swamp:3 Kirke
Snake:5 Nikola


Innate Abilities, Weirdness & Mutations

You are under a permanent stasis effect.
You can dig through walls and to a lower floor.
Your four strong arms can wield two-handed weapons with a shield.
((You have a pair of large antennae on your head (SInv).))


Message History

The manticore completely misses you. The manticore claws you.
* * * LOW HITPOINT WARNING * * *
The manticore claws you.
* * * LOW HITPOINT WARNING * * *
Put on which piece of jewellery? (? for menu, Esc to quit)
You can't wear that in your present form.
Are you sure you want to stumble around while confused and next to deep water? (Use ctrl+direction to attack without moving) [Y]es or [N]o only, please.
Are you sure you want to stumble around while confused and next to deep water? (Use ctrl+direction to attack without moving)
Okay, then.
Unknown command.
You're too confused!
You feel less invigorated.
You feel less confused. Kirke hits you!
* * * LOW HITPOINT WARNING * * *
The manticore misses you. x2
The manticore closely misses you. x3
The manticore claws you!
You die...

♣ .≈≈≈.♣.≈≈≈≈≈≈♣
♣≈≈§♣♣♣.≈≈≈.≈..≈≈≈≈.♣
♣%≈≈≈♣....≈.. ♣.≈≈≈≈..
≈≈≈≈<≈≈≈≈..♣ ♣♣≈≈≈≈..
♣.≈≈.≈≈≈≈.≈♣♣♣♣.≈≈≈.♣
♣♣♣....≈≈≈≈P≈...≈≈...≈§
♣≈..≈≈≈≈≈.≈≈≈...≈♣♣♣...
♣..≈≈PP.≈≈≈.≈♣♣♣ ♣..♣
♣..h@...÷≈.♣♣≈♣ ♣♣♣♣
♣♣.HH..<≈≈≈.≈♣
♣≈≈≈..≈.≈≈≈.♣♣
♣♣♣♣♣♣♣♣.≈§.♣ ♣≈≈≈♣♣
♣♣♣♣♣


You could see Kirke and 2 manticores.

Vanquished Creatures
  Asterion (Snake:3)
  Agnes (Swamp:1)
  Frances (D:15)
  A spectral weapon (Snake:3)
  Wiglaf (Snake:2)
  Maud (Snake:1)
  A frost giant (D:15)
  14 greater nagas
  Louise (Snake:3)
  Snorg (Orc:3)
  A minotaur (Lab)
  8 vault guards (D:13)
  A great orb of eyes (D:15)
  Fannar (D:10)
  12 hydras
  7 anacondas
  19 naga warriors
  Nessos (D:15)
  Erica (D:10)
  3 ogre magi
  2 alligators (Swamp:1)
  3 centaur warriors
  A tengu warrior (D:13)
  25 naga sharpshooters
  12 death yaks
  4 shock serpents
  Urug (D:10)
  7 orc high priests (Orc:4)
  An ice devil (IceCv)
  A salamander mystic (Snake:5)
  A flayed ghost (D:15)
  5 skeletal warriors (D:11)
  2 swamp dragons
  5 naga ritualists
  A spriggan druid (Swamp:4)
  A gelid demonspawn (Orc:4)
  2 unseen horrors
  Erolcha (Orc:1)
  A lindwurm (Orc:1)
  13 hill giants
  An anubis guard (shapeshifter) (D:15)
  A torturous demonspawn (Orc:4)
  2 ice statues (IceCv)
  A putrid demonspawn (Orc:4)
  2 wolf spiders
  A harpy (Swamp:2)
  A necromancer (Lair:6)
  5 orc knights
  A wolf spider zombie (D:15)
  5 orc sorcerers
  5 ugly things
  A deep elf conjurer (D:15)
  11 mana vipers
  An oklob plant (Lair:8)
  A sixfirhy (Orc:4)
  9 salamanders
  2 griffons
  3 cyclopes
  5 guardian serpents
  30 black mambas
  Joseph (Orc:1)
  A smoke demon (Orc:4)
  2 rust devils (Orc:4)
  10 elephants (Lair:4)
  2 molten gargoyles (Volcano)
  3 gargoyles
  27 spiny frogs
  An orange demon (Orc:4)
  15 komodo dragons
  2 fire drakes
  An efreet (D:13)
  16 naga magi
  10 blue devils (IceCv)
  A red devil (Orc:4)
  A polar bear (Lair:3)
  2 baby alligators (Swamp:1)
  2 giant leeches
  A hellwing (Orc:4)
  A hornet zombie (D:15)
  5 trolls
  A boulder beetle (Lair:7)
  A centaur simulacrum (D:15)
  15 blink frogs
  18 slime creatures
  4 wraiths
  A bog body (Swamp:1)
  5 basilisks
  9 ravens
  3 tarantellas (Orc:2)
  2 deep elf magi
  2 hogs (Swamp:2)
  A spriggan (Lair:3)
  3 shadows
  2 wyverns
  9 two-headed ogres
  7 hippogriffs
  4 hungry ghosts
  A human (Snake:4)
  40 yaks
  Eustachio (D:10)
  Grum (D:10)
  A mottled dragon (D:13)
  14 insubstantial wisps
  23 vampire mosquitoes
  2 wargs
  14 wolves
  17 swamp worms
  25 water moccasins
  78 nagas
  44 orc warriors
  11 porcupines
  A spider (Orc:2)
  3 black bears
  2 eyes of draining
  3 swamp drakes (Swamp:1)
  2 ice beasts
  14 ogres
  2 phantoms
  An ice beast (shapeshifter) (D:14)
  4 sky beasts
  16 centaurs
  17 crocodiles
  Duvessa (Orc:1)
  5 big kobolds
  26 giant frogs
  3 scorpions
  15 killer bees
  9 electric eels
  16 wights
  A giant frog zombie (D:6)
  Dowan (Orc:1)
  A goliath beetle (D:6)
  7 crimson imps
  3 centaur skeletons
  A giant frog skeleton (D:6)
  16 hounds
  A quasit (D:8)
  3 centaur zombies
  15 two-headed ogre zombies (Orc:1)
  11 iguanas
  16 jellies
  39 orc priests
  2 basilisk zombies (Lair:6)
  30 orc wizards
  11 worker ants
  A killer bee zombie (D:10)
  23 sheep
  A crocodile zombie (Lair:6)
  A hound zombie (D:11)
  A mummy (D:9)
  Robin (D:3)
  21 adders
  47 river rats
  2 giant mites
  4 shadow imps
  16 white imps
  8 ufetubi (IceCv)
  4 worms
  2 orc zombies (D:11)
  6 giant geckos
  14 oozes
  232 orcs
  A bat skeleton (D:6)
  23 goblins
  20 hobgoblins
  12 jackals
  28 kobolds
  17 quokkas
  A ball python (D:3)
  14 bats
  8 giant cockroaches
  A giant cockroach zombie (D:6)
  A giant newt (D:3)
  A giant spore (D:15)
  2 quokka skeletons
  16 rats
  9 ballistomycetes
  9 fungi
  2 plants
1564 creatures vanquished.

Vanquished Creatures (others)
  A naga warrior (Snake:5)
  A black mamba (Snake:5)
  A swamp drake (Swamp:1)
  2 sheep (Lair:4)
  A white imp (Lair:7)
  4 ufetubi (IceCv)
  3 giant spores
  3 ballistomycetes (D:15)
  4 fungi
  3 plants (Lair:8)
23 creatures vanquished.

Grand Total: 1587 creatures vanquished

Notes
Turn   | Place    | Note
--------------------------------------------------------------
     0 | D:1      | Ladykiller69, the Formicid Fighter, began the quest for the Orb.
     0 | D:1      | Reached XP level 1. HP: 18/18 MP: 1/1
   229 | D:1      | Reached XP level 2. HP: 17/24 MP: 3/3
   319 | D:1      | Reached skill level 4 in Shields
   909 | D:2      | Found a glowing golden altar of the Shining One.
   909 | D:2      | Found a burning altar of Makhleb.
   927 | D:2      | Reached XP level 3. HP: 27/29 MP: 4/4
  1224 | D:2      | Found a snail-covered altar of Cheibriados.
  1233 | D:2      | Became a worshipper of Cheibriados the Contemplative
  1338 | D:2      | Found a blossoming altar of Fedhas.
  1449 | D:2      | Reached XP level 4. HP: 37/37 MP: 5/5
  1717 | D:3      | Found a shadowy altar of Dithmenos.
  1891 | D:3      | Acquired Cheibriados' first power
  1904 | D:3      | Reached XP level 5. HP: 42/42 MP: 7/7
  2054 | D:3      | Noticed Robin
  2057 | D:3      | Reached skill level 5 in Shields
  2064 | D:3      | Killed Robin
  2496 | D:4      | Reached XP level 6. HP: 48/48 MP: 8/8
  2547 | D:4      | You fall through a shaft for 2 floors!
  2725 | D:5      | Entered Level 5 of the Dungeon
  2881 | D:4      | Noticed a hippogriff
  2884 | D:4      | You fall through a shaft for 3 floors!
  3035 | D:7      | Found an opulent altar of Gozag.
  3064 | D:5      | Reached skill level 6 in Shields
  3308 | D:5      | Found Oteagowkia's Book Shop.
  3319 | D:5      | Reached XP level 7. HP: 43/54 MP: 9/9
  3389 | D:5      | Found a staircase to the Ecumenical Temple.
  3414 | D:5      | Found a stormy altar of Qazlal.
  3453 | D:5      | Acquired Cheibriados' second power
  3743 | D:4      | Reached skill level 5 in Axes
  3879 | D:4      | Reached skill level 7 in Shields
  3988 | D:4      | Acquired Cheibriados' third power
  4141 | D:4      | Found a runed door.
  4262 | D:4      | Killed a hippogriff
  4262 | D:4      | Reached XP level 8. HP: 45/60 MP: 11/11
  4333 | D:5      | Reached skill level 8 in Shields
  4485 | D:6      | Found an ancient bone altar of Kikubaaqudgha.
  4546 | D:6      | Found an ancient bone altar of Kikubaaqudgha.
  4637 | D:6      | Noticed an orc warrior
  4651 | D:6      | Killed an orc warrior
  4950 | D:6      | Reached skill level 9 in Shields
  5173 | D:6      | Acquired Cheibriados' fourth power
  5297 | D:7      | Noticed a hungry ghost
  5307 | D:7      | Killed a hungry ghost
  5307 | D:7      | Reached XP level 9. HP: 63/65 MP: 12/12
  5464 | D:7      | Noticed a hungry ghost
  5469 | D:7      | Killed a hungry ghost
  5469 | D:7      | Reached skill level 10 in Shields
  5790 | D:4      | Found a viscous altar of Jiyva.
  5959 | D:8      | Reached skill level 1 in Invocations
  6094 | D:8      | Reached skill level 5 in Fighting
  6114 | D:8      | Reached skill level 5 in Armour
  6373 | D:8      | Reached XP level 10. HP: 74/74 MP: 15/18
  7452 | D:9      | Found Mupnoalau's Armour Boutique.
  7468 | D:9      | Reached skill level 5 in Invocations
  8104 | D:10     | Entered Level 10 of the Dungeon
  8104 | D:10     | Noticed Eustachio
  8110 | D:10     | Killed Eustachio
  8166 | D:10     | Noticed Grum
  8177 | D:10     | Killed Grum
  8205 | D:10     | Reached XP level 11. HP: 73/84 MP: 23/23
  8299 | D:10     | Noticed Fannar
  8331 | D:10     | Killed Fannar
  8471 | D:10     | Noticed Urug
  8486 | D:10     | You fall through a shaft for 3 floors!
  8490 | D:13     | Noticed a tengu warrior
  8496 | D:13     | You fall through a shaft!
  8774 | D:14     | Noticed a four-headed hydra
  8777 | D:14     | You fall through a shaft!
  8777 | D:15     | Entered Level 15 of the Dungeon
  8939 | D:15     | Noticed a centaur warrior
  8946 | D:15     | Killed a centaur warrior
  8946 | D:15     | Reached skill level 10 in Axes
  8963 | D:15     | Noticed Nessos
  9159 | D:15     | Killed Nessos
  9201 | D:15     | Noticed a hill giant
  9211 | D:15     | Killed a hill giant
  9425 | D:15     | Noticed a cyclops
  9428 | D:15     | Killed a cyclops
  9440 | D:14     | Reached XP level 12. HP: 83/95 MP: 24/25
  9492 | D:14     | Killed a four-headed hydra
  9889 | D:13     | Found Agifupn's Assorted Antiques.
  9956 | D:13     | Bought a scroll labeled MIPSEE LISTRA for 26 gold pieces
  9956 | D:13     | Bought a scroll labeled ENAMOD UTYOLIUL for 26 gold pieces
 10091 | D:11     | Reached skill level 11 in Axes
 10114 | D:11     | Found a staircase to the Orcish Mines.
 10257 | D:11     | Reached skill level 10 in Fighting
 10298 | D:10     | Found a staircase to the Lair.
 10455 | Lair:1   | Entered Level 1 of the Lair of Beasts
 10498 | D:10     | Noticed Erica
 10509 | D:10     | Killed Erica
 10773 | D:10     | You fall through a shaft for 2 floors!
 11167 | D:11     | Reached skill level 10 in Armour
 11167 | D:11     | Reached skill level 10 in Invocations
 11204 | D:10     | Killed Urug
 11344 | D:10     | Found a staircase to the Orcish Mines.
 11367 | D:10     | Noticed a hill giant
 11379 | D:10     | Killed a hill giant
 11379 | D:10     | Reached XP level 13. HP: 81/104 MP: 28/28
 12617 | Lair:2   | Got a pitted chain mail
 12628 | Lair:2   | Identified the +0 chain mail "Necail" {+Blink rPois rC- Str+4 Int+4} (You found it on level 2 of the Lair of Beasts)
 12657 | Lair:2   | Reached skill level 12 in Axes
 12917 | Lair:3   | You fall through a shaft for 2 floors!
 12917 | Lair:5   | Found a frozen archway.
 12955 | IceCv    | Entered an ice cave
 14163 | Lair:4   | Found a staircase to the Swamp.
 14249 | Lair:4   | Reached XP level 14. HP: 64/114 MP: 30/30
 14972 | Lair:4   | Found a shimmering altar of Xom.
 15226 | Lair:4   | Found a staircase to the Snake Pit.
 15635 | Lair:4   | Reached skill level 13 in Axes
 16522 | Lair:6   | Found a labyrinth entrance.
 16543 | Lab      | Entered a labyrinth
 16867 | Lab      | Got a fine battleaxe
 16868 | Lab      | Identified the +6 battleaxe of Ravage {chop, +Fly rN+ Str+5 Dex-2} (You took it off a minotaur in a labyrinth)
 16882 | Lab      | Got a pair of ancient gloves
 16888 | Lab      | Identified the +0 pair of gloves "Luuq" {Str+4} (You found it in a labyrinth)
 17758 | Lair:6   | Reached XP level 15. HP: 122/122 MP: 32/32
 18590 | Lair:8   | Entered Level 8 of the Lair of Beasts
 18625 | Lair:8   | Reached skill level 14 in Axes
 18937 | Lair:8   | Found a viscous altar of Jiyva.
 18937 | Lair:8   | Found a staircase to the Slime Pits.
 19870 | Orc:1    | Entered Level 1 of the Orcish Mines
 19873 | Orc:1    | Noticed Erolcha
 19880 | Orc:1    | Killed Erolcha
 19929 | Orc:1    | Found a dark tunnel.
 19945 | Volcano  | Entered a volcano
 20020 | Volcano  | Found a burning altar of Makhleb.
 20130 | Orc:1    | Noticed Duvessa
 20130 | Orc:1    | Noticed Dowan
 20135 | Orc:1    | Killed Duvessa
 20136 | Orc:1    | Killed Dowan
 20312 | Orc:1    | Found Gisatat's Antique Armour Emporium.
 20321 | Orc:1    | Noticed Joseph
 20330 | Orc:1    | Killed Joseph
 20473 | Orc:1    | Got a ring of the Octopus King
 20522 | Orc:2    | Reached skill level 15 in Axes
 20706 | Orc:2    | Found a roughly hewn altar of Beogh.
 20793 | Orc:2    | Reached XP level 16. HP: 131/131 MP: 33/33
 20870 | Orc:2    | Found Ostolel's Weapon Shop.
 21124 | Orc:3    | Found Prouham's Antique Weapon Shoppe.
 21167 | Orc:3    | Noticed Snorg
 21179 | Orc:3    | Killed Snorg
 21456 | Orc:4    | Entered Level 4 of the Orcish Mines
 21478 | Orc:4    | Found a burning altar of Makhleb.
 21636 | Orc:4    | Found a staircase to the Elven Halls.
 21805 | Orc:4    | Found Inot's General Store.
 21818 | Orc:4    | Found Mniuwk's Distillery.
 22581 | Orc:4    | Found Khoohuq's Book Shoppe.
 22581 | Orc:4    | Found Blavell's Antique Weapon Emporium.
 22582 | Orc:4    | Found a one-way gate leading to the halls of Pandemonium.
 22788 | D:11     | Noticed a skeletal warrior
 22790 | D:11     | Noticed a skeletal warrior
 22797 | D:11     | Killed a skeletal warrior
 22798 | D:11     | Noticed a skeletal warrior
 22798 | D:11     | Noticed a skeletal warrior
 22799 | D:11     | Noticed a skeletal warrior
 22802 | D:11     | Killed a skeletal warrior
 22806 | D:11     | Killed a skeletal warrior
 22814 | D:11     | Killed a skeletal warrior
 22818 | D:11     | Killed a skeletal warrior
 23165 | D:12     | Upgraded the game from 0.16.1-28-gcc2312f to 0.16.1-29-g3e760ad
 24046 | D:13     | Found a gate to the Vaults.
 24046 | D:13     | Noticed a vault guard
 24046 | D:13     | Noticed a vault guard
 24046 | D:13     | Noticed a vault guard
 24046 | D:13     | Noticed a vault guard
 24046 | D:13     | Noticed a vault guard
 24047 | D:13     | Noticed a vault guard
 24047 | D:13     | Noticed a vault guard
 24048 | D:13     | Noticed a vault guard
 24054 | D:13     | Killed a vault guard
 24054 | D:13     | Reached skill level 16 in Axes
 24056 | D:13     | Killed a vault guard
 24063 | D:13     | Killed a vault guard
 24069 | D:13     | Killed a vault guard
 24078 | D:13     | Killed a vault guard
 24080 | D:13     | Killed a vault guard
 24084 | D:13     | Killed a vault guard
 24086 | D:13     | Killed a vault guard
 24324 | D:13     | Killed a tengu warrior
 24721 | D:14     | Reached XP level 17. HP: 135/140 MP: 34/34
 24884 | D:14     | Noticed a centaur warrior
 24891 | D:14     | Killed a centaur warrior
 25136 | D:14     | Reached skill level 15 in Invocations
 25332 | D:14     | Noticed a hill giant
 25337 | D:14     | Killed a hill giant
 25471 | D:15     | Noticed a hill giant
 25471 | D:15     | Noticed a hill giant
 25476 | D:15     | Killed a hill giant
 25478 | D:15     | Killed a hill giant
 25647 | D:15     | Noticed a deep elf conjurer
 25651 | D:15     | Killed a deep elf conjurer
 25664 | D:15     | Noticed an orc sorcerer
 25666 | D:15     | Killed an orc sorcerer
 25667 | D:15     | Noticed an ogre mage
 25671 | D:15     | Killed an ogre mage
 25683 | D:15     | Found a staircase to the Depths.
 25721 | D:15     | Noticed a cyclops
 25724 | D:15     | Killed a cyclops
 25792 | D:15     | Noticed a griffon
 25794 | D:15     | Noticed Frances
 25797 | D:15     | Killed a griffon
 25800 | D:15     | Killed Frances
 25803 | D:15     | Noticed a hill giant
 25808 | D:15     | Killed a hill giant
 25818 | D:15     | Noticed a hill giant
 25824 | D:15     | Killed a hill giant
 26144 | D:15     | Noticed an unseen horror
 26146 | D:15     | Killed an unseen horror
 26149 | D:15     | Noticed a wolf spider
 26150 | D:15     | Noticed a frost giant
 26150 | D:15     | Noticed a flayed ghost
 26151 | D:15     | Killed a wolf spider
 26154 | D:15     | Killed a flayed ghost
 26159 | D:15     | Killed a frost giant
 26202 | D:15     | Noticed a great orb of eyes
 26207 | D:15     | Killed a great orb of eyes
 26277 | D:15     | Identified a ring of the Octopus King {rF+ AC+1 EV+1 Str+1 Int+1 Dex+1} (You took it off an ogre mage on level 1 of the Orcish Mines)
 26587 | Snake:1  | Entered Level 1 of the Snake Pit
 26814 | Snake:1  | Found a basalt altar of Yredelemnul.
 27032 | Snake:1  | Noticed Maud
 27039 | Snake:1  | Killed Maud
 27039 | Snake:1  | Reached skill level 17 in Axes
 27537 | Snake:2  | Noticed Wiglaf
 27556 | Snake:2  | Killed Wiglaf
 27793 | Snake:2  | Reached skill level 15 in Fighting
 28324 | Snake:3  | Noticed Louise
 28335 | Snake:3  | Killed Louise
 28335 | Snake:3  | Reached skill level 15 in Armour
 28387 | Snake:3  | Reached XP level 18. HP: 89/149 MP: 36/36
 28578 | Snake:3  | Noticed Asterion
 28591 | Snake:3  | Killed Asterion
 29168 | Snake:4  | Found a flickering gateway to a bazaar.
 29179 | Bazaar   | Entered a bazaar
 29181 | Bazaar   | Found Ruxaalyt's Armour Boutique.
 29184 | Bazaar   | Found Sticyuh's General Store.
 29185 | Bazaar   | Found Weutaul's Antique Weapon Boutique.
 29185 | Bazaar   | Found Schuahoir's Armour Boutique.
 29210 | Bazaar   | Bought a +0 gold dragon armour for 960 gold pieces
 29989 | Snake:5  | Entered Level 5 of the Snake Pit
 30058 | Snake:5  | Reached skill level 18 in Axes
 30643 | Snake:5  | Reached XP level 19. HP: 74/157 MP: 36/36
 31243 | Snake:5  | Noticed Nikola
 31769 | Snake:5  | Reached skill level 19 in Axes
 32702 | Swamp:1  | Entered Level 1 of the Swamp
 32947 | Lair:1   | Learned a level 3 spell: Regeneration
 33140 | Swamp:1  | Noticed Agnes
 33148 | Swamp:1  | Killed Agnes
 33298 | Swamp:1  | Identified a +2 rod of shadows (13/13) (You found it on level 1 of the Swamp)
 33776 | Swamp:2  | Noticed Jorgrun
 33786 | Swamp:2  | Noticed Kirke
 33798 | Swamp:2  | You fall through a shaft for 2 floors!
 34007 | Swamp:3  | HP: 7/159 [Kirke (12)]
 34007 | Swamp:3  | Slain by a manticore

Action                   |  1- 3 |  4- 6 |  7- 9 | 10-12 | 13-15 | 16-18 | 19-21 || total
-------------------------+-------+-------+-------+-------+-------+-------+-------++-------
Melee: War axe           |   101 |   185 |   372 |   300 |       |       |       ||   958
       Battleaxe         |       |       |       |   214 |  1052 |  1104 |   409 ||  2779
       Flail             |       |       |       |    15 |       |       |       ||    15
       Scimitar          |       |       |       |       |    37 |     5 |    28 ||    70
       Unarmed           |       |       |       |       |       |       |     1 ||     1
Throw: Tomahawk          |       |       |       |     3 |     1 |       |       ||     4
Invok: Bend Time         |       |       |       |     2 |       |     2 |       ||     4
       Slouch            |       |       |       |     2 |     6 |     2 |       ||    10
       Temporal Distorti |       |       |       |       |       |     1 |       ||     1
       Step From Time    |       |       |       |       |       |       |     5 ||     5
 Abil: Dig               |       |     6 |    14 |    21 |    60 |    40 |     1 ||   142
       Shaft Self        |       |     2 |       |     4 |     1 |       |     1 ||     8
  Use: Potion            |       |     1 |       |       |       |       |     1 ||     2
       Scroll            |       |       |       |    15 |    16 |    11 |     3 ||    45
 Stab: Distracted        |       |       |     1 |       |       |       |       ||     1
  Eat: Chunk             |     2 |     5 |     8 |    11 |    16 |    26 |     9 ||    77
       Pizza             |       |     1 |       |       |       |     1 |       ||     2
       Beef jerky        |       |       |     1 |     3 |     2 |     2 |     1 ||     9
       Bread ration      |       |       |       |       |     2 |     1 |       ||     3
       Fruit             |       |       |       |       |     2 |       |       ||     2
